 Dungeon Crawl Stone Soup version 0.31-a0-167-g1c394c0614 (webtiles) character file.

Game seed: 13065504781230677105

13 qw the Shooter (level 2, -4/17 HPs)
             Began as a Gargoyle Hunter on June 14, 2023.
             Frozen to death by an endoplasm (5 damage)
             ... on level 1 of the Dungeon.
             The game lasted 00:00:08 (296 turns).

qw the Shooter (Gargoyle Hunter)                     Turns: 296, Time: 00:00:09

Health: -4/17      AC:  5    Str: 14    XL:     2   Next: 37%
Magic:  2/2        EV: 11    Int:  9    God:
Gold:   0          SH:  0    Dex: 13    Spells: 1/1 levels left

rFire   . . .        a - +0 shortbow
rCold   . . .        (shield currently unavailable)
rNeg    + . .        c - +0 leather armour
rPois   inf          (no helmet)
rElec   +            (no cloak)
rCorr   .            (no gloves)
SInv    .            (no boots)
Will    .....        (no amulet)
Stlth   +            (no ring)
HPRegen 0.22/turn    (no ring)
MPRegen 0.08/turn

%: no passive effects
@: no status effects
A: sickness immunity, AC +2, negative energy resistance 1, electricity
resistance, torment resistance 1, petrification resistance
a: no special abilities


You were on level 1 of the Dungeon.
You visited 1 branch of the dungeon, and saw 1 of its levels.


Innate Abilities, Weirdness & Mutations

You are immune to sickness and miasma.
Your stone body is resilient. (AC +2)
You are immune to poison.
You resist negative energy. (rN+)
You are resistant to electric shocks. (rElec)
You are resistant to unholy torment.
You are immune to petrification.


   Skills:
 - Level 2.1 Fighting
 + Level 4.6 Ranged Weapons
 - Level 1.5 Dodging
 - Level 1.1 Stealth


You had one spell level left.
You didn't know any spells.
Your spell library was empty.

Inventory:

Hand Weapons
 a - a +0 shortbow (weapon)
Armour
 c - a +0 leather armour (worn)
Scrolls
 b - a scroll of butterflies
 d - a scroll of teleportation {unknown}
 f - 3 scrolls of revelation {unknown}
Potions
 e - a potion of degeneration {unknown}

Dungeon Overview and Level Annotations

Branches:
Dungeon (1/15)

Altars:

Shops:
D:1 *


Message History

Enter note: You shoot an arrow.
The arrow hits the endoplasm but does no damage.
You shoot an arrow. The arrow barely misses the endoplasm.
The endoplasm hits you but does no damage.
The endoplasm closely misses you. The kobold misses you.
You shoot an arrow.
The arrow hits the kobold but does no damage.
The kobold hits you with a +0 short sword.
The endoplasm closely misses you.
You shoot an arrow. The arrow closely misses the kobold.
The endoplasm freezes you.
You are frozen.
The kobold hits you but does no damage.
You shoot an arrow. The arrow hits the kobold.
The kobold is moderately wounded.
The kobold barely misses you.
The endoplasm hits you but does no damage.
You shoot an arrow. The arrow barely misses the kobold.
The endoplasm freezes you.
You are frozen.
The kobold barely misses you.
You shoot an arrow. The arrow barely misses the kobold.
The kobold hits you but does no damage. The endoplasm hits you.
The kobold hits you with a +0 short sword.
The endoplasm closely misses you.
You shoot an arrow.
The arrow hits the kobold but does no damage.
The kobold is moderately wounded.
The kobold hits you with a +0 short sword.
The endoplasm barely misses you.
You shoot an arrow.
The arrow hits the kobold but does no damage.
The kobold is moderately wounded.
The endoplasm freezes you.
You are frozen.
The kobold hits you but does no damage.
You shoot an arrow. The arrow hits the kobold.
The kobold is severely wounded.
The kobold hits you but does no damage. The endoplasm freezes you.
You are frozen.
You die...

#.# #. #.# #$ #.#
###. #.# ).. #.# #..
#######.#### #..
#...........
#.J######.#####.####
#.K@.......# #.#
##.###.###.####.#
#.....# #......#
#####.###.######
#.....# #######


You could see an endoplasm and a kobold.

Vanquished Creatures
  An endoplasm (D:1)
  A goblin (D:1)
  2 hobgoblins (D:1)
  4 jackals (D:1)
  A quokka (D:1)
  A kobold (D:1)
10 creatures vanquished.

Notes
Turn   | Place    | Note
-------+----------+-------------------------------------------
     0 | D:1      | qw the Gargoyle Hunter began the quest for the Orb.
     0 | D:1      | Reached XP level 1. HP: 12/12 MP: 1/1
     0 | D:1      | 0 ||| qw: Version: 0.2-a-29-g1fa15c8
     0 | D:1      | 0 ||| qw: Game counter: 4977
     0 | D:1      | 0 ||| qw: Always use a shield: true
     0 | D:1      | 0 ||| qw: God list: Okawaru
     0 | D:1      | 0 ||| qw: Allow faded altars: false
     0 | D:1      | 0 ||| qw: Do Orc after D:15 true
     0 | D:1      | 0 ||| qw: Do second Lair branch before Depths: true
     0 | D:1      | 0 ||| qw: Lair rune preference: random
     0 | D:1      | 0 ||| qw: Plans: Normal, Zot:1-4, Slime:5, God:TSO, Crypt,
                  | Tomb, Abyss, Pan, Hells, Win
     0 | D:1      | 0 ||| PLANNING D:1-11
   149 | D:1      | Found Xucoysosm's Assorted Antiques.
   155 | D:1      | 155 ||| SHOPLISTING embroidered cloak (187 gold, have 0).
   155 | D:1      | 155 ||| SHOPLISTING runed scarf (200 gold, have 0).
   155 | D:1      | 155 ||| SHOPLISTING scroll labelled JOUS MIRUHOSI (25 gold,
                  | have 0).
   155 | D:1      | 155 ||| SHOPLISTING scroll labelled RAQOIX POUDUXU (25
                  | gold, have 0).
   155 | D:1      | 155 ||| SHOPLISTING square ruby amulet (125 gold, have 0).
   161 | D:1      | Reached XP level 2. HP: 17/17 MP: 2/2
   295 | D:1      | HP: 1/17 [frozen (4)]
   296 | D:1      | Frozen to death by an endoplasm

Levels and vault maps discovered:
D:1:      erik_arrival_triangle_medium, layout_loops_ring, serial_shops,
          nicolae_diamond_shop, hex_tiny

Action                     || total
---------------------------++-------
   Fire: Shortbow          ||    50
 Armour: Leather armour    ||    16
  Dodge: Dodged            ||    21

Table legend:
 A = Non-vault XP
 B = Vault XP
 C = Vault XP percentage of total XP
 D = Non-vault monster count
 E = Vault monster count
 F = Vault count percentage of total count
                 A         B        C        D         E       F
            +---------+---------+-------+---------+---------+-------
      Total |      19 |       0 |   0.0 |      10 |       0 |   0.0
            +---------+---------+-------+---------+---------+-------
        D:1 |      19 |       0 |   0.0 |      10 |       0 |   0.0
            +---------+---------+-------+---------+---------+-------
